 Dungeon Crawl Stone Soup version 0.23.2-1-ga50397a (webtiles) character file.

Game seed: 16656813209373444584

94 Fang the Skirmisher (level 4, -4/43 HPs)
             Began as a Gargoyle Berserker on May 30, 2019.
             Was a Believer of Trog.
             Killed from afar by an orc wizard (6 damage)
             ... with a puff of frost
             ... on level 3 of the Dungeon.
             The game lasted 00:01:21 (1505 turns).

Fang the Skirmisher (Gargoyle Berserker)            Turns: 1505, Time: 00:01:22

Health: -4/43      AC:  5    Str: 27    XL:     4   Next: 63%
Magic:  4/4        EV: 12    Int: 10    God:    Trog [**....]
Gold:   82         SH:  0    Dex:  9    Spells: 3/3 levels left

rFire    . . .     SeeInvis .   a - +0 hand axe
rCold    . . .     Gourm    .   (no shield)
rNeg     + . .     Faith    .   b - +0 animal skin
rPois    ∞         Spirit   .   (no helmet)
rElec    +         Reflect  .   (no cloak)
rCorr    .         Harm     .   (no gloves)
MR       .....                  (no boots)
Stlth    ..........             (no amulet)
HPRegen  0.14/turn              k - +3 ring of intelligence
MPRegen  0.09/turn              (no ring)

@: berserking, very quick
A: negative energy resistance 1, electricity resistance, unbreathing,
petrification resistance, rot immunity, AC +3
a: Berserk, Trog's Hand, Renounce Religion


You were on level 3 of the Dungeon.
You worshipped Trog.
Trog was pleased with you.
You were very hungry.

You visited 1 branch of the dungeon, and saw 3 of its levels.

You collected 82 gold pieces.

Inventory:

Hand Weapons
 a - a +0 hand axe (weapon)
Armour
 b - a +0 animal skin (worn)
Jewellery
 k - a +3 ring of intelligence (left hand)
Scrolls
 f - 2 scrolls of identify {unknown}
 i - 2 scrolls of teleportation {unknown}
 l - 2 scrolls of enchant armour {unknown}
Potions
 e - a potion of curing {unknown}
 g - a potion of cancellation {unknown}
 h - a potion of flight {unknown}
 j - a potion of mutation {unknown}
 m - a potion of heal wounds {unknown}
Comestibles
 c - 11 rations
 d - 8 chunks of flesh


   Skills:
 + Level 4.0 Fighting
 + Level 3.3 Axes
 + Level 3.2 Armour
 + Level 2.3 Dodging


You had 3 spell levels left.
You didn't know any spells.
Your spell library was empty.

Dungeon Overview and Level Annotations

Branches:
Dungeon (3/15)

Altars:


Innate Abilities, Weirdness & Mutations

You are resistant to torment.
Your stone body is resilient. (AC +3)
You are immune to poison.
You resist negative energy. (rN+)
You are resistant to electric shocks. (rElec)
You can survive without breathing.
You are immune to petrification.
You are immune to rotting.


Message History

The magic dart hits you.
* * * LOW HITPOINT WARNING * * *
You are too injured to fight recklessly!
You are too injured to fight recklessly!
You are too injured to fight recklessly!
An orc wizard is nearby!
An orc wizard is nearby!
You are too injured to fight recklessly!
A red film seems to cover your vision as you go berserk!
You feel yourself moving faster!
You feel mighty!
You are feeling hungry.
You are feeling very hungry.
The orc wizard hits you but does no damage.
You closely miss the orc wizard.
The orc wizard is almost dead.
The orc wizard closely misses you.
You miss the orc wizard.
The orc wizard is almost dead.
The orc wizard points at you and mumbles some strange words.
The puff of frost hits you.
You die...

#...# #. #.... #.
.... #. #.... ##.
..... .....#..
...###.. ...# .
.......# #o.#
.##. ....##.# #@#
#....
#.#.##.###.#
....#
#.#.##.....####.
#.#
#.#.##†.)......#
#.#
#.#.##.#).#####.#
#.###....#.#...#
#..........#.#.#
#.###.....##.#.#
#.# #.###.##.#.#


You could see an orc wizard.

Vanquished Creatures
  3 adders
  5 dart slugs
  2 leopard geckos
  4 orcs (D:3)
  2 giant cockroaches (D:1)
  5 goblins
  6 hobgoblins
  2 jackals (D:2)
  3 ball pythons
  10 bats
  4 frilled lizards (D:2)
  2 kobolds (D:2)
  6 rats
54 creatures vanquished.

Notes
Turn   | Place    | Note
-------+----------+-------------------------------------------
     0 | D:1      | Fang the Gargoyle Berserker began the quest for the Orb.
     0 | D:1      | Reached XP level 1. HP: 14/14 MP: 1/1
   138 | D:1      | Reached XP level 2. HP: 19/19 MP: 2/2
   686 | D:2      | Reached XP level 3. HP: 19/23 MP: 3/3
   712 | D:2      | Reached ** piety under Trog
  1176 | D:2      | Reached XP level 4. HP: 29/29 MP: 4/4
  1395 | D:3      | Reached skill level 4 in Fighting
  1502 | D:3      | HP: 1/29 [orc wizard/magic dart (6)]
  1505 | D:3      | Killed from afar by an orc wizard

Skill      XL: |  1  2  3  4 |
---------------+-------------+-----
Axes           | 3 |  3.3
Dodging        | 2 |  2.3
Armour         | 3 |  3.2
Fighting       | 4 |  4.0

Action                   |  1- 3 |  4- 6 || total
-------------------------+-------+-------++-------
Melee: Hand axe          |   102 |    66 ||   168
Invok: Berserk           |       |     1 ||     1
  Eat: Chunk             |     1 |     1 ||     2
Armor: Animal skin       |    35 |    40 ||    75
Dodge: Dodged            |    82 |    67 ||   149
